 Dungeon Crawl Stone Soup version 0.18-a0-1586-g58c38cf (console) character file.

188 vogonpoet the Sneak (level 5, -3/42 HPs)
             Began as a Naga Enchanter on Mar 18, 2016.
             Slain by a steam dragon (6 damage)
             ... on level 4 of the Dungeon.
             The game lasted 00:23:35 (3769 turns).

vogonpoet the Sneak (Naga Enchanter)                Turns: 3769, Time: 00:23:36

Health: -3/42      AC:  5    Str: 10    XL:     5   Next: 67%
Magic:  2/8        EV: 10    Int: 16    God:
Gold:   167        SH:  0    Dex: 12    Spells: 3 memorised, 2 levels left

rFire  . . .     SeeInvis +     o - +3 dagger (speed)
rCold  + . .     Gourm    .     b - +1 robe
rNeg   . . .     Faith    .     (no shield)
rPois  +         Spirit   .     g - +1 helmet
rElec  .         Dismiss  .     (no cloak)
rCorr  .         Reflect  .     (no gloves)
SustAt .         Harm     .     (no barding)
MR     .....                    (no amulet)
Stlth  +++.......               n - ring of protection from cold
                                i - ring of wizardry

@: short of breath, very slow, not resistant to hostile enchantments, fairly
stealthy
A: see invisible, deformed body, poison resistance, slowness 2, slow metabolism
1, spit poison 2, AC +1
a: Spit Poison


You were on level 4 of the Dungeon.
You were very hungry.

You visited 1 branch of the dungeon, and saw 5 of its levels.

You collected 167 gold pieces.

Inventory:

Hand Weapons
 a - a +1 dagger
 h - a cursed -2 short sword
 o - a +3 dagger of speed (weapon)
 y - a +0 rapier
Missiles
 f - 10 poisoned needles
 m - 31 arrows
 w - 5 tomahawks
 A - 2 javelins
 F - 3 steel javelins (quivered)
 G - 12 sling bullets of flame
Armour
 b - a +1 robe (worn)
 g - a +1 helmet (worn)
Jewellery
 i - a ring of wizardry (left hand)
 n - a ring of protection from cold (right hand)
Wands
 C - a wand of polymorph (5/24)
Scrolls
 j - a scroll of enchant armour {unknown}
 k - 5 scrolls of identify {unknown}
 l - 2 scrolls of enchant weapon
 t - a scroll of teleportation {unknown}
 z - a scroll of noise {unknown}
 B - a scroll of magic mapping {unknown}
 E - a scroll of immolation {unknown}
Potions
 e - 2 potions of agility {unknown}
 p - a potion of ambrosia {unknown}
 q - a potion of degeneration {unknown}
 r - a potion of mutation {unknown}
 s - a potion of might {unknown}
 x - a potion of haste {unknown}
 D - a potion of berserk rage {unknown}
Books
 c - a book of Maledictions

   Spells                             Type                      Level
   a - Corona                         Hexes                        1
   b - Ensorcelled Hibernation        Hexes/Ice                    2
   c - Confuse                        Hexes                        3
   d - Tukima's Dance                 Hexes                        3
   e - Dazzling Spray                 Conjuration/Hexes            3
 v - a book of Transfigurations

   Spells                             Type                      Level
   a - Irradiate                      Conjuration/Transmutation    5
   b - Statue Form                    Transmutation/Earth          6
   c - Hydra Form                     Transmutation                6
   d - Dragon Form                    Transmutation                7
Comestibles
 d - 3 bread rations
 u - 2 meat rations


   Skills:
 - Level 3.5 Short Blades
 - Level 1.5 Dodging
 - Level 6.0 Stealth
 + Level 2.2 Spellcasting
 - Level 4.1 Hexes


You had 2 spell levels left.
You knew the following spells:

 Your Spells              Type           Power        Failure   Level  Hunger
a - Corona                Hex            ###....      1%          1    #......
b - Ensorcelled Hibernat  Hex/Ice        #.....       6%          2    ###....
c - Confuse               Hex            ###.....     4%          3    ###....


Dungeon Overview and Level Annotations

Branches:
Dungeon (5/15)
 Temple: D:4-7

Altars:
Fedhas
Makhleb
Ru

Annotations:
D:3 hmm's ghost, amateur DrMo


Innate Abilities, Weirdness & Mutations

You cannot wear boots.
Your serpentine skin is tough (AC +1).
You have supernaturally acute eyesight.
Armour fits poorly on your strangely shaped body.
Your system is resistant to poisons.
You cover ground very slowly.
You have a slow metabolism.
You can spit poison.


Message History

The steam dragon claws you but does no damage.
Press: ? - help, Shift-Dir - straight line, f/p - steam dragon
Aim: a steam dragon The splash of poison hits the steam dragon.
The steam dragon is poisoned.
The steam dragon is lightly wounded.
You feel slightly more hungry. The steam dragon closely misses you.
The steam dragon claws you but does no damage.
You hit the steam dragon but do no damage.
The steam dragon is lightly wounded.
The steam dragon bites you!
* * * LOW HITPOINT WARNING * * *
The steam dragon claws you but does no damage.
Read which item? (? for menu, Esc to quit)
As you read the scroll labeled BYGOXKYJANT, it crumbles to dust.
It is a scroll of enchant weapon.
Enchant which weapon? (? for menu, Esc to quit)
Your +2 dagger of speed glows red for a moment.
The steam dragon bites you.
You die...

... .# ##+## ###.###.
##...## ...... ##.....## #
#.#.## ##.......######.###
#....####.........#........
#.......'.........'........
#....####.........#.##....#
##.#.## ##.......##.# #.#
##...## ##..@D.###.#
#.....# ##...## #.# #.....#
##'## #.# #.....# #.# #.#
##....# #># #.. ####.#
##.## #.# ##...## #.#
#.....# #.# ##...##


You could see a steam dragon.

Vanquished Creatures
  An orc wizard (D:3)
  5 gnolls
  2 adders (D:2)
  An ooze (D:2)
  3 worms (D:2)
  A dart slug (D:1)
  2 giant geckos (D:2)
  A ball python (D:3)
  4 giant cockroaches
  10 goblins
  13 hobgoblins
  5 jackals
  6 kobolds
  2 quokkas (D:2)
  9 bats
  3 giant newts
  7 rats
75 creatures vanquished.

Notes
Turn   | Place    | Note
--------------------------------------------------------------
     0 | D:1      | vogonpoet the Naga Enchanter began the quest for the Orb.
     0 | D:1      | Reached XP level 1. HP: 15/15 MP: 3/3
   233 | D:1      | Reached XP level 2. HP: 22/22 MP: 5/5
   238 | D:1      | Learned a level 2 spell: Ensorcelled Hibernation
   512 | D:1      | Reached XP level 3. HP: 8/28 MP: 0/6
   740 | D:1      | Learned a level 3 spell: Confuse
  1013 | D:2      | Found a blossoming altar of Fedhas.
  1193 | D:2      | Reached skill level 5 in Stealth
  1193 | D:2      | Reached XP level 4. HP: 30/36 MP: 4/7
  1782 | D:2      | Reached skill level 6 in Stealth
  1914 | D:2      | Reached XP level 5. HP: 39/42 MP: 8/8
  1973 | D:2      | Found a sacrificial altar of Ru.
  2466 | D:3      | Found a burning altar of Makhleb.
  2484 | D:3      | Noticed hmm's ghost (amateur DrMo)
  3621 | D:4      | You fall through a shaft!
  3621 | D:5      | Entered Level 5 of the Dungeon
  3743 | D:4      | Noticed a sky beast
  3763 | D:4      | Noticed a steam dragon
  3763 | D:4      | a sky beast changed into a steam dragon
  3769 | D:4      | Slain by a steam dragon

Vault maps used:
D:1:      scummos_arrival_star
D:2:      fedhas_altar_3, nicolae_ru_path_of_blood, kennysheep_generic_room_14
D:3:      lemuel_zombie_altar_yredelemnul, overflow_temple_1_default
D:4:      serial_shops, shop, uniq_crazy_yiuf_cottage
D:5:      vehumet_crystals, first_bread

Skill      XL: |  1  2  3  4  5 |
---------------+----------------+-----
Hexes          | 4 |  4.1
Stealth        | 5 6 |  6.0
Short Blades   | 2 3 |  3.5
Dodging        | |  1.5
Spellcasting   | |  2.2

Action                   |  1- 3 |  4- 6 || total
-------------------------+-------+-------++-------
Melee: Dagger            |    47 |   128 ||   175
Throw: Javelin           |     3 |     9 ||    12
       Tomahawk          |       |     7 ||     7
 Cast: Corona            |     4 |       ||     4
       Ensorcelled Hiber |    11 |    25 ||    36
       Confuse           |     1 |    23 ||    24
 Abil: Spit Poison       |    10 |    12 ||    22
Evoke: Wand              |       |     1 ||     1
  Use: Scroll            |       |     1 ||     1
 Stab: Sleeping          |    19 |    23 ||    42
       Confused          |     1 |     4 ||     5
  Eat: Chunk             |     2 |    10 ||    12
